AoeStats
← Erickinio

Runestones

507416026Analyzed
1v1 RM · 14d ago on Sep 18, 2026· 55m 56s· 2 players
Game mode
Random Map
Map size
Tiny (2 player)
Population
200
Speed
Normal
Resources
Standard
Victory
Conquest
Starting age
Dark Age
Ending age
Imperial Age
RankedLock teamsTeams togetherTeam positionsShared explorationLock speedFull tech treeHidden civsTurbo modeCheats
Victory
Defeat
🇲🇽 Magyars · Mexico
882
+16
🇦🇷 Celts · Argentina
882
-16
fersonmx
2:19 Loom
10:15 Feudal Age
11:38 Double-Bit Axe
15:26 Scale Barding Armor
18:26 Fletching
20:02 Horse Collar
22:07 Wheelbarrow
26:04 Castle Age
25:26 Gold Mining
26:05 Padded Archer Armor
26:57 Heavy Plow
27:23 Bow Saw
27:54 Bloodlines
27:43 Light Cavalry
30:48 Husbandry
32:48 Chain Barding Armor
32:06 Elite Skirmisher
34:00 Leather Archer Armor
37:00 Bodkin Arrow
37:23 Stone Mining
38:08 Gold Shaft Mining
44:35 Imperial Age
42:31 Town Watch
43:01 Hand Cart
43:20 Ballistics
42:56 Murder Holes
47:28 Plate Barding Armor
52:10 Chemistry
52:45 Bracer
53:16 Ring Archer Armor
54:56 Town Patrol
Erickinio
10:39 Feudal Age
9:46 Loom
11:16 Double-Bit Axe
17:08 Man-at-Arms
22:45 Wheelbarrow
24:25 Forging
29:54 Castle Age
29:59 Pikeman
35:23 Gambesons
35:41 Scale Mail Armor
38:01 Elite Skirmisher
40:49 Iron Casting
49:22 Chain Mail Armor
49:57 Stronghold
51:55 Town Watch
Connection lost

Rejoining the realm…

Still unreachable

The connection could not be restored.

Session expired

The server has moved on; the page needs a fresh start.